 Dungeon Crawl Stone Soup version 0.26-a0-610-g3e9335bbc7 (webtiles) character file.

Game seed: 11613552769435949538

655 Hastur the Skirmisher (level 7, 0/74 HPs)
             Began as an Ogre Ice Elementalist on Sept 3, 2020.
             Slain by an ice beast (6 damage)
             ... on level 6 of the Dungeon.
             The game lasted 00:16:24 (5506 turns).

Hastur the Skirmisher (Ogre Ice Elementalist)       Turns: 5506, Time: 00:16:24

Health: 0/74       AC:  4    Str: 13    XL:     7   Next: 54%
Magic:  11/14      EV: 10    Int: 24    God:
Gold:   252        SH:  0    Dex: 15    Spells: 8/16 levels left

rFire    . . .     SeeInvis .   g - +0 dagger (flame)
rCold    . . .     Faith    .   (no shield)
rNeg     . . .     Spirit   .   a - +0 robe
rPois    .         Reflect  .   (helmet restricted)
rElec    .         Harm     .   z - +0 cloak
rCorr    .                      (gloves unavailable)
MR       .....                  (boots unavailable)
Stlth    ++........             (no amulet)
HPRegen  0.22/turn              f - +6 ring of dexterity
MPRegen  0.14/turn              x - +6 ring of intelligence

@: lethally poisoned (0 -> -2), frozen ramparts
A: large, unfitting armour, tough skin 1
a: no special abilities


You were on level 6 of the Dungeon.
You visited 1 branch of the dungeon, and saw 6 of its levels.

You collected 252 gold pieces.

Inventory:

Hand Weapons
 c - a +0 club
   (You took it off a goblin on level 1 of the Dungeon)
 g - a +0 dagger of flaming (weapon)
   (You took it off a goblin on level 1 of the Dungeon)
Missiles
 d - 45 poisoned darts
 e - 155 stones (quivered)
 k - 7 javelins
Armour
 a - a +0 robe (worn)
 z - a +0 cloak (worn)
   (You found it on level 5 of the Dungeon)
 B - the +1 robe of Fer Nyl {+Fly rF+ Int-4}
   (You found it on level 6 of the Dungeon)

   It affects your intelligence (-4).
   It protects you from fire.
   It lets you fly.
Jewellery
 f - a +6 ring of dexterity (left hand)
   (You found it on level 4 of the Dungeon)
 x - a +6 ring of intelligence (right hand)
   (You found it on level 5 of the Dungeon)
Scrolls
 b - a scroll of identify {@r1}
 h - a scroll of fear
 m - 2 scrolls of fog
 o - 4 scrolls of remove curse {@r2}
 q - 3 scrolls of teleportation {@r4}
 v - 2 scrolls of amnesia {unknown}
 w - a scroll of blinking {unknown}
 y - a scroll of brand weapon {unknown}
 A - a scroll of enchant weapon {unknown}
Potions
 i - a potion of stabbing {unknown}
 j - a potion of flight {unknown}
 l - a potion of mutation {unknown}
 n - 2 potions of might {unknown}
 p - a potion of magic {unknown}
 r - a potion of degeneration {unknown}
 s - a potion of curing {@q1}
 t - 2 potions of lignification {unknown}
 u - 2 potions of heal wounds {unknown}


   Skills:
 + Level 5.6 Fighting
 - Level 1.7 Dodging
 - Level 2.0 Stealth
 - Level 5.0 Spellcasting
 + Level 1.6 Summonings
 + Level 5.4 Ice Magic


You had 8 spell levels left.
You knew the following spells:

 Your Spells              Type           Power        Failure   Level
a - Freeze                Ice            ####         1%          1
b - Frozen Ramparts       Ice            ####..       3%          3
d - Summon Ice Beast      Ice/Summ       ###.....     21%         4

Your spell library contained the following spells:

 Spells                   Type           Power        Failure   Level
 Ozocubu's Armour         Ice            ####....     3%          3
 Call Imp                 Summ           ##......     7%          2
 Beastly Appendage        Tmut           #.....       9%          1
 Magic Dart               Conj           #...         9%          1
 Blink                    Tloc           N/A          13%         2
 Slow                     Hex            #.......     13%         2
 Wereblood                Tmut           #.......     13%         2
 Conjure Flame            Conj/Fire      #.......     26%         3
 Mephitic Cloud           Conj/Pois/Air  #.......     26%         3
 Spider Form              Tmut/Pois      #.........   26%         3
 Hailstorm                Conj/Ice       ###.....     28%         4
 Ice Form                 Ice/Tmut       ###.....     28%         4
 Blade Hands              Tmut           #.........   94%         5


Dungeon Overview and Level Annotations

Branches:
Dungeon (6/15)
 Temple: D:4-7

Altars:
Ashenzari
Cheibriados
Makhleb
Ru
Trog
Uskayaw


Innate Abilities, Weirdness & Mutations

You are too large for most types of armour.
You have tough skin. (AC +1)


Message History

The ice beast freezes you!
* * * LOW HITPOINT WARNING * * *
Your ice beast hits the ice beast but does no damage.
You feel better. The ice beast barely misses you.
Your ice beast misses the ice beast.
You hit the ice beast.
You melt the ice beast.
The ice beast closely misses you.
Your ice beast hits the ice beast but does no damage.
You barely miss the ice beast. The ice beast hits you.
* * * LOW HITPOINT WARNING * * *
The ice beast freezes you!
* * * LOW HITPOINT WARNING * * *
Your ice beast hits the ice beast but does no damage.
You barely miss the ice beast. The ice beast barely misses you.
Your ice beast barely misses the ice beast.
Unknown command.
You hit the ice beast but do no damage. The ice beast hits you.
* * * LOW HITPOINT WARNING * * *
The ice beast freezes you!
* * * LOW HITPOINT WARNING * * *
Your ice beast hits the ice beast.
Your ice beast freezes the ice beast.
The ice beast completely resists.
A worker ant comes into view.
The worker ant bites you.
* * * LOW HITPOINT WARNING * * *
You are lethally poisoned!
The worker ant poisons you!
Found a stone staircase leading down.
You feel better. The worker ant closely misses you.
The ice beast hits you but does no damage.
Your ice beast barely misses the ice beast.
The walls around you are covered in ice.
Your ice beast disappears in a puff of smoke!
The wall freezes the worker ant.
The worker ant barely misses you.
The ice beast completely resists.
The wall freezes the ice beast but do no damage.
The ice beast barely misses you.
The wall freezes the worker ant.
The ice beast completely resists.
The wall freezes the ice beast but do no damage.
The wall freezes the worker ant.
The worker ant bites you.
* * * LOW HITPOINT WARNING * * *
You are poisoned.
The worker ant poisons you!
You closely miss the worker ant.
You feel sick.
The ice beast completely resists.
The wall freezes the ice beast but do no damage.
The ice beast hits you.
* * * LOW HITPOINT WARNING * * *
The ice beast freezes you.
You die...

##.?##...## .##?≈
...####.## ......#≈.#≈#
...# ##†.##..# ...≈[≈≈##
...###......# #...≈≈...
...≈.#....######...≈..>.
≈.#.....................
≈♣#≈...#................
♣.♣≈..##................
#♣≈≈≈###.......a@.......
≈≈≈...####.#...Y###.....
.≈..≈.#.####.##.## ...
.a.≈♣....###.....# .
#..♣≈.....#.[##..#
#...##.......#####
##..#........#.##.
##...............≈
##.##...#...###.≈


You could see an ice beast and a worker ant.

Vanquished Creatures
  A centaur (D:5)
  2 howler monkeys
  2 hounds
  An orc priest (D:4)
  A bullfrog skeleton (D:5)
  An iguana (D:4)
  2 orc wizards
  3 worker ants
  A hound zombie (D:5)
  6 adders
  A white imp (D:6)
  3 oozes
  An adder skeleton (D:4)
  A dart slug (D:5)
  3 worms
  6 leopard geckos
  14 orcs
  9 bats
  6 giant cockroaches
  9 goblins
  7 hobgoblins
  21 jackals
  6 kobolds
  2 quokkas
  3 frilled lizards
  A jackal zombie (D:5)
  6 rats
119 creatures vanquished.

Notes
Turn   | Place    | Note
-------+----------+-------------------------------------------
     0 | D:1      | Hastur the Ogre Ice Elementalist began the quest for the
                  | Orb.
     0 | D:1      | Reached XP level 1. HP: 16/16 MP: 3/3
   248 | D:1      | Reached XP level 2. HP: 26/26 MP: 3/5
   289 | D:1      | Reached skill level 1 in Fighting
   678 | D:2      | Reached XP level 3. HP: 33/33 MP: 5/7
   732 | D:2      | Learned a level 3 spell: Frozen Ramparts
  1144 | D:2      | Found a snail-covered altar of Cheibriados.
  1211 | D:2      | Found a hide-covered altar of Uskayaw.
  1212 | D:2      | Found a burning altar of Makhleb.
  1246 | D:2      | Reached XP level 4. HP: 37/42 MP: 5/8
  1529 | D:2      | Found a shattered altar of Ashenzari.
  1903 | D:3      | Found a sacrificial altar of Ru.
  2213 | D:3      | Reached XP level 5. HP: 29/53 MP: 3/10
  2467 | D:3      | Found a bloodstained altar of Trog.
  3081 | D:4      | Reached XP level 6. HP: 58/62 MP: 8/12
  4173 | D:5      | Entered Level 5 of the Dungeon
  4219 | D:5      | Reached skill level 5 in Spellcasting
  4219 | D:5      | Reached skill level 5 in Ice Magic
  4274 | D:4      | Learned a level 4 spell: Summon Ice Beast
  4380 | D:5      | Reached XP level 7. HP: 65/71 MP: 10/14
  4382 | D:5      | Reached skill level 5 in Fighting
  4625 | D:5      | Reached skill level 1 in Summonings
  5344 | D:6      | Got a shimmering robe
  5350 | D:6      | Identified the +1 robe of Fer Nyl {+Fly rF+ Int-4} (You
                  | found it on level 6 of the Dungeon)
  5502 | D:6      | HP: 2/74 [worker ant (6)]
  5506 | D:6      | Slain by an ice beast

Illustrated notes

Levels and vault maps discovered:
D:1:      enne_arrival_octagon_isle, layout_rooms
D:2:      layout_basic, grunt_temple_overflow_open, marbit_many_paths,
          minmay_bisected
D:3:      layout_loops_cross, lightli_temple_of_fire, overflow_temple_1_default
D:4:      layout_basic, gup_sewer_entry_pipe, serial_park_tiny_2
D:5:      layout_basic
D:6:      layout_cave_pools, nemelex_xobeh_ov_fountains_minmay,
          minmay_temple_entry_junction, serial_rivers,
          chequers_serial_rivers_marsh, chequers_serial_rivers_micro_a,
          chequers_serial_rivers_marsh, chequers_serial_rivers_small_b,
          chequers_serial_rivers_micro_b, chequers_serial_rivers_micro_e

Skill      XL: |  1  2  3  4  5  6  7 |
---------------+----------------------+-----
Fighting       | 1 2 3 4 5 |  5.6
Spellcasting   | 3 4 5 |  5.0
Stealth        | 2 |  2.0
Ice Magic      | 4 5 |  5.4
Summonings     | 1 |  1.6
Dodging        | |  1.7

Action                   |  1- 3 |  4- 6 |  7- 9 || total
-------------------------+-------+-------+-------++-------
Melee: Dagger            |    18 |    58 |    62 ||   138
 Cast: Freeze            |    48 |    60 |    20 ||   128
       Frozen Ramparts   |     2 |    10 |     8 ||    20
       Summon Ice Beast  |       |       |     1 ||     1
  Use: Scroll            |       |     7 |     1 ||     8
       Potion            |       |       |     2 ||     2
 Stab: Sleeping          |     1 |     2 |       ||     3
       Distracted        |       |       |     1 ||     1
Armor: Robe              |    15 |    30 |    20 ||    65
Dodge: Dodged            |    24 |    47 |    52 ||   123

Table legend: (Time is in decaauts)
 A = Elapsed time spent in this place.
 B = Non-inter-level travel time spent in this place.
 C = Inter-level travel time spent in this place.
 D = Time resting spent in this place.
 E = Time spent auto-exploring this place.
 F = Levels seen in this place.
 G = Mean time per level.
                   A        B        C        D        E       F      G
               +--------+--------+--------+--------+--------+-----+--------+
         Total |   5514 |   5300 |    214 |    793 |   3162 |   6 |  919.0 |
       Dungeon |   5514 |   5300 |    214 |    793 |   3162 |   6 |  919.0 |
               +--------+--------+--------+--------+--------+-----+--------+

Top non-repeatable levels by time:
     D:4: 1322 daAuts
     D:3: 1145 daAuts
     D:2: 1117 daAuts
     D:5: 1082 daAuts
     D:1: 648 daAuts
     D:6: 198 daAuts
